[Event "Late-Titled-Tuesday-Blitz-January-23-2024"]
[Site "Chess.com"]
[Date "2024.01.23"]
[Round "6"]
[White "ATM622"]
[Black "IraZyne"]
[Result "1-0"]
[WhiteElo "2463"]
[BlackElo "2208"]
[TimeControl "180+1"]
[EndTime "15:03:44 PST"]
[Termination "ATM622 won by resignation"]

1. d4 d5 2. c4 e6 3. Nf3 c6 4. g3 dxc4 5. Bg2 b5 6. O-O Bb7 7.
a3 Bd6 8. a4 Nd7 9. e4 Ne7 10.
e5 Bc7 11. Qc2 a6 12. b3 cxb3 13. Qxb3 Nb6 14. Nc3 Ned5 15. Ne4 h6 16. axb5 cxb5 17. Ba3 Nc4 18. Bc5 Bc6 19. Rfc1 Qd7 20. Bf1 Na5 21. Qa3 Nb7 22. Rc2 b4 23. Qb3 a5 24. Nfd2 Nxc5 25.
Nxc5 Qe7 26. Na4 Bb7 27. Bb5+ Kf8 28. Nc5 Bc8 29. Bc6 Ra7 30. Bxd5 exd5 31. Qxd5 Be6 32. Nxe6+ fxe6 33. Qf3+ Kg8 34. Ne4 Kh7 35. Qh5 Qg5 36.
Nxg5+ 1-0

[Event "Late-Titled-Tuesday-Blitz-January-23-2024"]
[Site "Chess.com"]
[Date "2024.01.23"]
[Round "6"]
[White "Zhigalko_Sergei"]
[Black "azikom"]
[Result "0-1"]
[WhiteElo "2962"]
[BlackElo "2707"]
[TimeControl "180+1"]
[EndTime "15:03:45 PST"]
[Termination "azikom won by resignation"]

1. e4 e6 2. d4 d5 3. e5 c5 4. c3 Qb6 5. Nf3 Bd7 6. Be2 Bb5 7. Bxb5+ Qxb5 8. a4 Qd7 9. O-O cxd4 10. Qxd4 Nc6 11. Qf4 Nge7 12. Rd1 Ng6 13. Qg3 Qc7 14. Re1 a6 15.
Nbd2 Nge7 16. Qf4 h6 17. h4 Nf5 18. h5 Bc5 19. c4 Nb4 20. cxd5 Bxf2+ 21. Kh1 Nxd5 22.
Qg4 Bxe1 23. Nxe1 Qxe5 24. Nef3 Qg3 25. Qc4 O-O 26. Ne4 Qc7 27. Qb3 Ng3+ 28. Kg1 Nxe4 0-1

[Event "Late-Titled-Tuesday-Blitz-January-23-2024"]
[Site "Chess.com"]
[Date "2024.01.23"]
[Round "6"]
[White "grzechu96"]
[Black "rdarruda"]
[Result "1-0"]
[WhiteElo "2720"]
[BlackElo "2538"]
[TimeControl "180+1"]
[EndTime "15:03:48 PST"]
[Termination "grzechu96 won by resignation"]

1. e4 c5 2. Nf3 Nc6 3. Bb5 g6 4. Bxc6 bxc6 5. d4 Bg7 6. dxc5 Qa5+ 7. Nbd2 Nf6 8. O-O Qxc5 9. Re1 O-O 10. Nb3 Qh5 11. e5 Nd5 12. c4 Nb6 13. Qd3 d6 14. exd6 exd6 15. Qxd6 Nxc4 16. Qxc6 Nb6 17. Qc5 Bg4 18.
Qxh5 Bxh5 19. Nfd4 Rfd8 20. Be3 Nc4 21. h3 Nxe3 22.
fxe3 f5 23. Ne6 Rd3 24. Nxg7 Kxg7 25. Rac1 Rad8 26. Rc7+ R8d7 27. Rec1 Kh6 28. Rxd7 Rxd7 29. Kf2 g5 30. Rc6+ Bg6 31. g3 Kg7 32. Nd4 Kf7 33. Nf3 Rb7 34. b3 Kg7 35. Nxg5 Rd7 36. Ne6+ Kf7 37. Nd4 Kg7 38. Kf3 Bh5+ 39. Kf4 1-0

[Event "Late-Titled-Tuesday-Blitz-January-23-2024"]
[Site "Chess.com"]
[Date "2024.01.23"]
[Round "6"]
[White "WPWPWP-2015"]
[Black "Alex_Sahakyan2006"]
[Result "0-1"]
[WhiteElo "2501"]
[BlackElo "2730"]
[TimeControl "180+1"]
[EndTime "15:03:49 PST"]
[Termination "Alex_Sahakyan2006 won on time"]

1. e4 e5 2. Nf3 Nf6 3. Nc3 Nc6 4. Bb5 Bb4 5. O-O O-O 6. d3 d6 7. h3 Ne7 8. Re1 c6 9. Ba4 Ng6 10. d4 a5 11. a3 Bxc3 12. bxc3 d5 13. Nxe5 Nxe4 14.
Bd2 Nxe5 15. dxe5 Qh4 16. Rxe4 Qxe4 17. Bb3 a4 18. Ba2 Qxe5 19. c4 dxc4 20. Bxc4 Rd8 21. Bd3 Bf5 22. Be3 Bxd3 23. cxd3 Rxd3 24. Qf1 Rad8 25.
Rb1 b5 26. Qe1 Qd6 0-1

[Event "Late-Titled-Tuesday-Blitz-January-23-2024"]
[Site "Chess.com"]
[Date "2024.01.23"]
[Round "6"]
[White "diamonds13"]
[Black "M1711"]
[Result "0-1"]
[WhiteElo "2372"]
[BlackElo "2647"]
[TimeControl "180+1"]
[EndTime "15:03:50 PST"]
[Termination "M1711 won by checkmate"]

1. d4 Nf6 2. c4 e6 3. Nc3 Bb4 4. e3 O-O 5. Bd3 d6 6. Ne2 e5 7. a3 Bxc3+ 8. Nxc3 Re8 9. dxe5 dxe5 10. Qc2 Nbd7 11.
b4 e4 12. Nxe4 Ne5 13. Nxf6+ Qxf6 14. Ra2 Nxd3+ 15. Qxd3 Bf5 16. Qb3 Qg6 17. O-O Bd3 18. Rd1 Be4 19. f3 Bxf3 20. Rf1 Be4 21. Raf2 Rad8 22.
c5 Bd5 23. Qc3 Re4 24. g3 c6 25. Bb2 Rde8 26. Bc1 h5 27. Bb2 Rxe3 28. Qd2 h4 29. Rf6 Rxg3+ 30. Kf2 Rg2# 0-1

[Event "Late-Titled-Tuesday-Blitz-January-23-2024"]
[Site "Chess.com"]
[Date "2024.01.23"]
[Round "6"]
[White "rikchessmx"]
[Black "brm72"]
[Result "1-0"]
[WhiteElo "2415"]
[BlackElo "2663"]
[TimeControl "180+1"]
[EndTime "15:03:59 PST"]
[Termination "rikchessmx won by resignation"]

1. e4 c5 2. Nf3 Nc6 3. d4 cxd4 4. Nxd4 Nf6 5. Nc3 e6 6. Nxc6 bxc6 7. Bd3 d5 8. Qe2 Be7 9. O-O O-O 10. b3 c5 11. Bb2 d4 12. Nd1 e5 13. Bc1 Bg4 14.
f3 Bh5 15. Nb2 Nd7 16. Nc4 f6 17. g4 Bf7 18. f4 Qc7 19. f5 Nb6 20. h4 Rfd8 21.
g5 Kh8 22. Qg4 Nxc4 23. bxc4 Bg8 24. Bd2 Bf8 25. Kf2 Rd7 26. Rh1 Rb8 27. Rag1 Rb2 28.
gxf6 Bxc4 29. Bxc4 Rxc2 30. fxg7+ Rxg7 31. Qe2 Qd6 32. Qd3 Rb2 33. Ke1 Qb6 34. Bb3 a5 35. Qc4 Qd8 36.
Qg8+ 1-0

[Event "Late-Titled-Tuesday-Blitz-January-23-2024"]
[Site "Chess.com"]
[Date "2024.01.23"]
[Round "6"]
[White "stregachess"]
[Black "Carlitus2004"]
[Result "0-1"]
[WhiteElo "2105"]
[BlackElo "2403"]
[TimeControl "180+1"]
[EndTime "15:03:59 PST"]
[Termination "Carlitus2004 won by resignation"]

1. d4 Nf6 2. Nf3 b6 3. Bf4 Bb7 4. e3 g6 5. Be2 Bg7 6. O-O O-O 7. c4 d6 8. Nc3 Nbd7 9. h3 Qe8 10. Rc1 e5 11. Bh2 Ne4 12. Nb5 Qd8 13. dxe5 dxe5 14. Qc2 a6 15. Na3 Qe7 16. Rcd1 Rad8 17. Nb1 Rfe8 18. Nbd2 Ndc5 19. Nxe4 Bxe4 20. Qc1 a5 21.
Rxd8 Rxd8 22. Rd1 Bd3 23. Bf1 e4 24. Nd2 Bxf1 25. Nxf1 Nd3 26. Qc2 f5 27. b3 Be5 28.
Bxe5 Qxe5 29. Ng3 Rf8 30. Ne2 Rd8 31. a3 Rd6 32. Nd4 f4 33. Nb5 Rf6 34. exf4 Rxf4 35.
Rd2 e3 36. Re2 exf2+ 37. Kf1 Qa1+ 0-1

[Event "Late-Titled-Tuesday-Blitz-January-23-2024"]
[Site "Chess.com"]
[Date "2024.01.23"]
[Round "6"]
[White "ValeriyGrinev"]
[Black "jamengrand"]
[Result "1-0"]
[WhiteElo "2535"]
[BlackElo "2272"]
[TimeControl "180+1"]
[EndTime "15:04:00 PST"]
[Termination "ValeriyGrinev won by resignation"]

1. e4 e5 2. Nf3 Nc6 3. Bb5 a6 4.
Ba4 Nf6 5. O-O Be7 6. Re1 b5 7. Bb3 Bb7 8. d3 d5 9. exd5 Nxd5 10. Nxe5 Nxe5 11. Rxe5 c5 12. c3 O-O 13. Re1 Bf6 14. Nd2 Nf4 15. Ne4 Nxd3 16. Nxf6+ gxf6 17. Re3 c4 18.
Rg3+ Kh8 19. Bh6 Rg8 20. Bc2 Rxg3 21. hxg3 Qd5 22. f3 Qc5+ 23. Kh2 Qh5+ 24. Kg1 Qxh6 25.
Bxd3 Rd8 26. Qe2 cxd3 27. Qe7 Qf8 28. Qxb7 Qc5+ 29. Kh2 d2 30. Qxf7 Qd6 31. Rd1 a5 32.
f4 Rd7 33. Qe8+ Kg7 34. Qe2 b4 35. cxb4 axb4 36. a3 b3 37. Qf3 f5 38. Qxb3 Qh6+ 39.
Kg1 Qd6 40. Qc3+ Kg6 41. Qe3 Qd5 42. Kf2 Rd6 43. Qe8+ Kg7 44. Qe5+ Kg6 45. Qxd5 Rxd5 46. Ke3 Rb5 47. Rxd2 Rxb2 48. Rxb2 1-0

[Event "Late-Titled-Tuesday-Blitz-January-23-2024"]
[Site "Chess.com"]
[Date "2024.01.23"]
[Round "6"]
[White "Msb2"]
[Black "BogdanDeac"]
[Result "1/2-1/2"]
[WhiteElo "3058"]
[BlackElo "3079"]
[TimeControl "180+1"]
[EndTime "15:04:01 PST"]
[Termination "Game drawn by repetition"]

1. d4 Nf6 2. c4 e6 3. Nc3 Bb4 4. e3 O-O 5. Bd2 c5 6. a3 Bxc3 7. Bxc3 Ne4 8. Ne2 d5 9. dxc5 dxc4 10. Qd4 Qxd4 11. Bxd4 Nd7 12. Ng3 Nexc5 13. Bxc4 e5 14. Bc3 Nb6 15. Be2 Re8 16. Rd1 Bd7 17. Bb4 Rec8 18. O-O a5 19. Bxc5 Rxc5 20. Bf3 Bc6 21. Rc1 Rxc1 22. Rxc1 Bxf3 23. gxf3 Rc8 24. Rxc8+ Nxc8 25.
Kf1 Kf8 26. Ke2 Ke7 27. Kd3 b5 28. Ne4 f6 29. b4 axb4 30. axb4 Nd6 31. Nc3 Ke6 32.
e4 g5 33. Ke3 h5 34. Ke2 Kf7 35. Kf1 Kg6 36. Kg2 Kf7 37. Kf1 Ke6 38. Ke2 Kf7 39.
Kf1 1/2-1/2

[Event "Late-Titled-Tuesday-Blitz-January-23-2024"]
[Site "Chess.com"]
[Date "2024.01.23"]
[Round "6"]
[White "AlexSuv"]
[Black "ImportedItalianMaple"]
[Result "1-0"]
[WhiteElo "2566"]
[BlackElo "2430"]
[TimeControl "180+1"]
[EndTime "15:04:03 PST"]
[Termination "AlexSuv won by checkmate"]

1. d4 Nf6 2. Bg5 g6 3. Bxf6 exf6 4. e3 d5 5. c4 c6 6. Nc3 dxc4 7. Bxc4 Bd6 8. Nf3 Kf8 9. h3 Kg7 10. Qb3 Qe7 11.
O-O-O b5 12. Be2 a5 13. Qc2 a4 14. g4 Na6 15. Kb1 h5 16. Rhg1 hxg4 17. hxg4 Be6 18. e4 b4 19. Nxa4 b3 20. axb3 Nb4 21.
Qc3 Rhb8 22. e5 fxe5 23. dxe5 Bc7 24. Bc4 Nd5 25. Bxd5 cxd5 26. Nd4 Ba5 27. Qe3 Qb4 28. f4 Bb6 29. f5 Bd7 30. Nxb6 Qa5 31. f6+ Kg8 32.
Qh6 Qa2+ 33. Kc2 Rc8+ 34. Kd3 Bb5+ 35. Ke3 Qxb2 36. Qg7# 1-0

[Event "Late-Titled-Tuesday-Blitz-January-23-2024"]
[Site "Chess.com"]
[Date "2024.01.23"]
[Round "6"]
[White "dosto07"]
[Black "Mikhal867"]
[Result "1-0"]
[WhiteElo "2538"]
[BlackElo "2420"]
[TimeControl "180+1"]
[EndTime "15:04:05 PST"]
[Termination "dosto07 won on time"]

1. e4 g6 2. d4 Bg7 3. Nf3 d6 4. Nc3 Nd7 5. Bc4 e6 6. O-O Ne7 7. a4 h6 8. h4 O-O 9. Bf4 e5 10. dxe5 Nxe5 11. Nxe5 dxe5 12. Be3 c6 13. Qc1 Kh7 14.
h5 g5 15. Ne2 Ng8 16. Ng3 Qe7 17. c3 Nf6 18. b4 b6 19. a5 Ng4 20. axb6 Nxe3 21.
Qxe3 a6 22. Ra5 Bb7 23. Rfa1 Rfd8 24. Nf5 Qf6 25. Bxa6 Bxa6 26. Rxa6 Rxa6 27. Rxa6 Rd1+ 28. Kh2 g4 29. Ra7 Bf8 30. b7 Bd6 31. Ra8 1-0

[Event "Late-Titled-Tuesday-Blitz-January-23-2024"]
[Site "Chess.com"]
[Date "2024.01.23"]
[Round "6"]
[White "TheoSlade"]
[Black "FM_Kappeler"]
[Result "1-0"]
[WhiteElo "2471"]
[BlackElo "2272"]
[TimeControl "180+1"]
[EndTime "15:04:06 PST"]
[Termination "TheoSlade won on time"]

1. d4 Nf6 2. c4 e6 3. g3 d5 4. Bg2 dxc4 5. Nf3 c5 6. O-O Nc6 7. Qa4 Bd7 8. Qxc4 b5 9. Qc3 b4 10. Qd3 Rc8 11. Bg5 cxd4 12. Nxd4 Nxd4 13. Qxd4 Bc5 14. Qh4 O-O 15. Rd1 Be7 16. Nd2 Qb6 17. Nc4 Qa6 18. Ne5 Ba4 19. b3 Bb5 20. e3 Rc2 21.
Be4 Nxe4 22. Qxe4 Rc7 23. Bxe7 Rxe7 24. Qxb4 Rc7 25. Rd6 Qb7 26. a4 Ba6 27. Qa5 Be2 28. Re1 Bh5 29. Nd3 Rc2 30. Qxh5 Qxb3 31. Ne5 Qb4 32.
Red1 1-0

[Event "Late-Titled-Tuesday-Blitz-January-23-2024"]
[Site "Chess.com"]
[Date "2024.01.23"]
[Round "6"]
[White "FabianoCaruana"]
[Black "mishanick"]
[Result "1-0"]
[WhiteElo "3058"]
[BlackElo "3066"]
[TimeControl "180+1"]
[EndTime "15:04:07 PST"]
[Termination "FabianoCaruana won by resignation"]

1. e4 c5 2. Nf3 e6 3. Nc3 Nc6 4.
h3 a6 5. d4 cxd4 6. Nxd4 Nf6 7. Nxc6 bxc6 8. e5 Nd5 9. Ne4 Qc7 10. f4 Qb6 11. c4 Ne3 12. Qd3 Nxf1 13. Rxf1 c5 14.
Be3 Bb7 15. O-O-O Rd8 16. f5 Qc6 17. fxe6 fxe6 18. Ng5 Be7 19. Nf7 O-O 20. Nxd8 Rxd8 21.
Rd2 a5 22. Rdf2 a4 23. Rf7 Bf8 24. Bg5 Rb8 25. Qxd7 Qxd7 26. Rxd7 Bxg2 27. Rg1 Bxh3 28. Bf6 g6 29. Rh1 a3 30. Rxh3 axb2+ 31. Kb1 1-0

[Event "Late-Titled-Tuesday-Blitz-January-23-2024"]
[Site "Chess.com"]
[Date "2024.01.23"]
[Round "6"]
[White "Ajedrecista3000"]
[Black "GMHess"]
[Result "1-0"]
[WhiteElo "2599"]
[BlackElo "2795"]
[TimeControl "180+1"]
[EndTime "15:04:12 PST"]
[Termination "Ajedrecista3000 won by resignation"]

1. c4 g6 2. g3 Bg7 3. Bg2 c5 4.
Nc3 Nh6 5. h4 Nf5 6. h5 Nc6 7.
d3 d6 8. Nf3 Bd7 9. Bd2 a6 10. a3 b5 11. h6 Bf6 12. g4 Nfd4 13.
g5 Nxf3+ 14. Bxf3 Be5 15. cxb5 axb5 16. Nxb5 Bxb2 17. Rb1 Be5 18. Qc2 O-O 19. Kf1 Rb8 20. a4 Nd4 21. Nxd4 Rxb1+ 22. Qxb1 Bxd4 23. a5 Qc7 24. Qb6 Qxb6 25. axb6 c4 26. Rh4 c3 27. Rxd4 cxd2 28. e3 Ra8 29. Ke2 Ra2 30. b7 Rb2 31.
Rc4 f5 32. Rc8+ Kf7 33. b8=Q Ba4 34. Rf8+ Ke6 35. Qc8+ 1-0

[Event "Late-Titled-Tuesday-Blitz-January-23-2024"]
[Site "Chess.com"]
[Date "2024.01.23"]
[Round "6"]
[White "tgpgoat"]
[Black "olawsson"]
[Result "1-0"]
[WhiteElo "2425"]
[BlackElo "2170"]
[TimeControl "180+1"]
[EndTime "15:04:12 PST"]
[Termination "tgpgoat won on time"]

1. Nf3 d6 2. d4 g6 3. g3 Bg7 4. Bg2 Nf6 5. O-O O-O 6. c4 c6 7. Nc3 Qa5 8. Bd2 Qh5 9. e4 Bg4 10. Re1 e5 11. dxe5 dxe5 12. Re3 Nbd7 13. Qc2 Bh6 14.
h3 Bxh3 15. Ree1 Rad8 16. Bxh6 Qxh6 17. Rad1 Ng4 18. Qd2 Qxd2 19. Rxd2 Bxg2 20. Kxg2 Nc5 21. Red1 Rxd2 22. Rxd2 a5 23. a3 a4 24. Ne1 f6 25. Kf1 Kf7 26. Ke2 f5 27. Nf3 h6 28.
exf5 gxf5 29. Nh4 Ke6 30. f3 Nf6 31. Kf2 Nb3 32. Re2 Nd4 33. Rd2 Nb3 34. Re2 Nc5 35.
Ng6 Nd3+ 36. Ke3 Rd8 37. Rd2 f4+ 38. gxf4 Rg8 39. f5+ 1-0

[Event "Late-Titled-Tuesday-Blitz-January-23-2024"]
[Site "Chess.com"]
[Date "2024.01.23"]
[Round "6"]
[White "Road2GM3000"]
[Black "jefferyx"]
[Result "0-1"]
[WhiteElo "2486"]
[BlackElo "2992"]
[TimeControl "180+1"]
[EndTime "15:04:14 PST"]
[Termination "jefferyx won on time"]

1. d4 d5 2. c4 e6 3. Nc3 Nf6 4. cxd5 exd5 5. Bg5 c6 6. e3 Bd6 7. Bd3 O-O 8. Nf3 Be6 9. Ne5 c5 10. f4 Nc6 11. O-O h6 12. Bh4 cxd4 13. Nxc6 bxc6 14. exd4 Re8 15. Kh1 Be7 16. f5 Bd7 17. Qf3 Qb6 18. Ne2 Qxb2 19. Rab1 Qxa2 20. Rb7 Rab8 21. Rc7 Qa5 22.
Bg3 Rb3 23. Be5 Bd8 24. Rxd7 Nxd7 25. f6 Nxf6 26. Qf5 Qd2 27. Nf4 Rc3 28. Bxf6 Bxf6 29.
Qh7+ Kf8 30. Qh8+ Ke7 0-1

[Event "Late-Titled-Tuesday-Blitz-January-23-2024"]
[Site "Chess.com"]
[Date "2024.01.23"]
[Round "6"]
[White "ritanovikova"]
[Black "WindWhistler11"]
[Result "1-0"]
[WhiteElo "2188"]
[BlackElo "2444"]
[TimeControl "180+1"]
[EndTime "15:04:16 PST"]
[Termination "ritanovikova won on time"]

1. e4 e6 2. d4 d5 3. exd5 exd5 4.
Bd3 Ne7 5. Nf3 Nbc6 6. c3 Bg4 7. h3 Bh5 8. Bf4 f6 9. Nbd2 Qd7 10. Qc2 g5 11. Bg3 Bg6 12. O-O-O O-O-O 13. Rhe1 Kb8 14. Nb3 Bxd3 15. Qxd3 Nf5 16. Bh2 h5 17. g4 hxg4 18.
hxg4 Nh6 19. Rg1 Nxg4 20. Bg3 Nh6 21. Rde1 Nf5 22. Re2 Nxg3 23. fxg3 Bd6 24. Qg6 Qg4 25. Rf2 Rdf8 26. Nfd2 b6 27. Rxf6 Rxf6 28. Qxf6 Rf8 29. Qg7 a5 30. a4 Rf2 31. Qg8+ Kb7 32. Qxd5 Rf5 33. Qg2 Rf6 34. Nc4 Be7 35. Ne5 Qe6 36. Re1 Qxb3 37. Nxc6 Bd6 38. Nxa5+ Ka6 39. Nxb3 1-0

[Event "Late-Titled-Tuesday-Blitz-January-23-2024"]
[Site "Chess.com"]
[Date "2024.01.23"]
[Round "6"]
[White "Practical-Play"]
[Black "Boninknights"]
[Result "1-0"]
[WhiteElo "2526"]
[BlackElo "2374"]
[TimeControl "180+1"]
[EndTime "15:04:19 PST"]
[Termination "Practical-Play won by resignation"]

1. e4 c6 2. d4 a6 3. Nf3 d5 4. Nc3 Bg4 5. h3 Bh5 6. Bf4 e6 7. a3 Nf6 8. Bd3 Be7 9. Qe2 O-O 10. e5 Nfd7 11. h4 Bxf3 12. Qxf3 c5 13. Qh5 g6 14.
Qh6 Re8 15. dxc5 Bf8 16. Qg5 Qxg5 17. hxg5 Nc6 18. b4 Ndxe5 19. O-O-O Bg7 20. Na4 Rad8 21. Rh3 Nc4 22. Rdh1 h5 23. gxh6 Bf6 24. Bxc4 dxc4 25.
Nb6 Kh7 26. Nxc4 Rd4 27. Nd6 Re7 28. Be3 Rd5 29. Rf3 Bd4 30. Nxf7 Bxe3+ 31. fxe3 Nd8 32. e4 Rh5 33. Rxh5 gxh5 34. Nxd8 1-0

[Event "Late-Titled-Tuesday-Blitz-January-23-2024"]
[Site "Chess.com"]
[Date "2024.01.23"]
[Round "6"]
[White "jcmesafischer"]
[Black "Jarrahi2452"]
[Result "0-1"]
[WhiteElo "2366"]
[BlackElo "2655"]
[TimeControl "180+1"]
[EndTime "15:04:21 PST"]
[Termination "Jarrahi2452 won on time"]

1. e4 c5 2. Nf3 d6 3. Bb5+ Nd7 4.
c4 Nf6 5. Nc3 a6 6. Ba4 g6 7.
O-O Bg7 8. d4 cxd4 9. Bxd7+ Bxd7 10. Nxd4 O-O 11. f3 Rc8 12. Qd3 Qc7 13. b3 b5 14. Nd5 Nxd5 15. cxd5 Qc5 16. Be3 Qa3 17.
Rac1 Rxc1 18. Rxc1 Qxa2 19. Rc7 Rd8 20. Qc3 Be8 21.
Rxe7 Qb1+ 22. Kf2 Bf6 23. Ra7 Be5 24. f4 Bxd4 25. Qxd4 Rc8 26. Kg3 Qe1+ 27. Bf2 Rc3+ 28.
Kg4 Qe2+ 29. Kg5 Rd3 30. Qb6 Qb2 0-1

[Event "Late-Titled-Tuesday-Blitz-January-23-2024"]
[Site "Chess.com"]
[Date "2024.01.23"]
[Round "6"]
[White "Kostukov_Alex"]
[Black "Vicmary2005"]
[Result "1-0"]
[WhiteElo "2300"]
[BlackElo "1982"]
[TimeControl "180+1"]
[EndTime "15:04:21 PST"]
[Termination "Kostukov_Alex won on time"]

1. g3 Nf6 2. Bg2 g6 3. c4 Bg7 4.
Nf3 O-O 5. O-O d6 6. d4 Nc6 7.
Nc3 a6 8. h3 Rb8 9. e4 e5 10.
Be3 exd4 11. Nxd4 Re8 12. Rc1 Ne5 13. b3 c6 14. Nde2 Qc7 15. f4 Ned7 16. Qd2 b5 17. cxb5 axb5 18. Rfd1 Bf8 19. Nd4 b4 20. Nd5 Nxd5 21.
exd5 c5 22. Nc6 Ra8 23. Rc2 Nf6 24. Bf2 Bf5 25. Rb2 Bg7 26. g4 Be4 27. g5 Bxg2 28.
gxf6 Bxf6 29. Kxg2 Bxb2 30. Qxb2 Qd7 31. Rd2 Qf5 32. Bg3 Qe4+ 33. Kh2 Qe3 34. Rg2 Qe4 35. Qf6 Qxd5 36. Ne7+ Rxe7 37. Qxe7 1-0

[Event "Late-Titled-Tuesday-Blitz-January-23-2024"]
[Site "Chess.com"]
[Date "2024.01.23"]
[Round "6"]
[White "dropstoneDP"]
[Black "MyDream003"]
[Result "1-0"]
[WhiteElo "3048"]
[BlackElo "2847"]
[TimeControl "180+1"]
[EndTime "15:04:22 PST"]
[Termination "dropstoneDP won by checkmate"]

1. e4 c6 2. d4 d5 3. e5 Bf5 4. Nd2 e6 5. Nb3 Nd7 6. Nf3 h6 7. Be2 Ne7 8. O-O Qc7 9. a4 g5 10. a5 Bg7 11. Ne1 c5 12. dxc5 Bxe5 13. Nf3 Bg7 14. Nfd4 a6 15. Be3 Bg6 16. f4 gxf4 17.
Bxf4 e5 18. Bg3 Nxc5 19. Bh5 Nxb3 20. Bxg6 Nxg6 21. Nf5 Bf8 22. cxb3 Qd7 23. Rc1 Rg8 24. Kh1 Bb4 25. Nxh6 Rf8 26. Qh5 Bd2 27. Nxf7 Bxc1 28. Qxg6 Qc6 29. Nd6+ Kd7 30. Qg7+ Kxd6 31. Qxe5+ Kd7 32.
Qg7+ Ke6 33. Re1+ Kf5 34. Re5# 1-0

[Event "Late-Titled-Tuesday-Blitz-January-23-2024"]
[Site "Chess.com"]
[Date "2024.01.23"]
[Round "6"]
[White "reevecanada"]
[Black "Actuary44"]
[Result "1-0"]
[WhiteElo "2645"]
[BlackElo "2479"]
[TimeControl "180+1"]
[EndTime "15:04:22 PST"]
[Termination "reevecanada won by resignation"]

1. e4 b6 2. d4 Bb7 3. Nc3 e6 4. Bd3 Nf6 5. Nge2 d5 6. e5 Nfd7 7. O-O c5 8. Bb5 Nc6 9. f4 Qc7 10. Bxc6 Bxc6 11. f5 O-O-O 12. fxe6 fxe6 13. Nf4 Re8 14. Qh5 g6 15. Nxg6 hxg6 16. Qxh8 cxd4 17. Ne2 d3 18.
Nd4 Qxe5 19. Qxe5 Nxe5 20. Bf4 Nd7 21. Nxc6 e5 22. Be3 Kb7 23. Nb4 Bxb4 24. cxd3 d4 25. Bg5 Kc6 26. a3 Be7 27. Rac1+ Kd5 28. Bxe7 Rxe7 29.
Rc7 a5 30. Rfc1 g5 31. b4 axb4 32. axb4 Rf7 33. b5 e4 34. dxe4+ Kxe4 35. R1c6 Ne5 36.
Rxf7 Nxf7 37. Rxb6 d3 38. Re6+ Kd5 39. Re3 Ne5 40.
Rxe5+ Kxe5 41. Kf2 Kd5 42. Ke3 Kc4 43. Kd2 g4 44. b6 1-0

[Event "Late-Titled-Tuesday-Blitz-January-23-2024"]
[Site "Chess.com"]
[Date "2024.01.23"]
[Round "6"]
[White "tigurones"]
[Black "TheAlienParty"]
[Result "0-1"]
[WhiteElo "2481"]
[BlackElo "2367"]
[TimeControl "180+1"]
[EndTime "15:04:22 PST"]
[Termination "TheAlienParty won on time"]

1. d4 Nf6 2. g3 d5 3. Bg2 c6 4. Nf3 Bf5 5. O-O g6 6. c4 Bg7 7. Nc3 O-O 8. cxd5 cxd5 9. Qb3 b6 10. Bf4 Nc6 11. Rac1 Na5 12. Qa4 Rc8 13. Ne5 Ne4 14. Nxe4 Bxe4 15. Bxe4 dxe4 16. b3 Qd5 17. e3 h6 18. g4 g5 19. Bg3 Qe6 20. h3 h5 21.
b4 Bxe5 22. dxe5 Nc4 23. Qd1 Rfd8 24. Rxc4 Rxd1 25. Rxc8+ Qxc8 26. Rxd1 hxg4 27. hxg4 Qxg4 28. Rd8+ Kg7 29. e6 Qxe6 0-1

[Event "Late-Titled-Tuesday-Blitz-January-23-2024"]
[Site "Chess.com"]
[Date "2024.01.23"]
[Round "6"]
[White "alexgo05"]
[Black "rynos0411"]
[Result "1-0"]
[WhiteElo "2376"]
[BlackElo "2481"]
[TimeControl "180+1"]
[EndTime "15:04:26 PST"]
[Termination "alexgo05 won by resignation"]

1. Nf3 Nf6 2. b3 g6 3. Bb2 Bg7 4. g3 O-O 5. Bg2 d6 6. O-O c5 7.
c4 Nc6 8. d4 cxd4 9. Nxd4 Bd7 10. Nc3 Rc8 11. Rc1 Nxd4 12. Qxd4 Bc6 13. Qxa7 Nd7 14.
Qe3 Nc5 15. Rfd1 Qc7 16. b4 Bxg2 17. Kxg2 Qc6+ 18. Kg1 Ne6 19. Nd5 Rfe8 20. Bxg7 Kxg7 21. h4 h5 22. Qb3 Ra8 23. a4 Qxa4 24. Qc3+ f6 25. Nb6 Qa3 26. Nxa8 Qxc3 27. Rxc3 Rxa8 28. Rdd3 Ra4 29. Rb3 Kf7 30. Rdc3 Nd4 31. Rb2 b6 32. c5 bxc5 33. bxc5 dxc5 34. Rxc5 Ra6 35. Kg2 Re6 36. e3 Nf5 37. Rbb5 Nd6 38. Rb6 Re4 39. Rc7 Nf5 40. Rb5 Ra4 41. Rcc5 Nd6 42. Rb6 Ra2 43. Kf3 Ra4 44. Rc2 g5 45. hxg5 fxg5 46.
Rb1 g4+ 47. Kg2 Kf6 48. Rh1 Kg6 49. Rc5 Nf5 50. Rxh5 Kxh5 51. Rxf5+ Kg6 52. Rf4 Rxf4 53. gxf4 Kf5 54. Kh2 e5 55. Kg3 e4 56. Kh4 Kf6 57.
Kxg4 Kg6 58. f5+ Kf6 59. Kf4 1-0

[Event "Late-Titled-Tuesday-Blitz-January-23-2024"]
[Site "Chess.com"]
[Date "2024.01.23"]
[Round "6"]
[White "jjbolanos"]
[Black "Yurovskykh_Oleksandr"]
[Result "0-1"]
[WhiteElo "2180"]
[BlackElo "2620"]
[TimeControl "180+1"]
[EndTime "15:04:28 PST"]
[Termination "Yurovskykh_Oleksandr won by checkmate"]

1. e4 e6 2. d4 d5 3. Bd3 dxe4 4. Bxe4 Nf6 5. Bf3 Nbd7 6. Ne2 Bd6 7. O-O O-O 8. c4 e5 9. dxe5 Nxe5 10. Bd5 c6 11.
Nbc3 cxd5 12. cxd5 a6 13. Bg5 h6 14. Bh4 Ng6 15. Bg3 Bxg3 16. hxg3 Qd6 17. Qd2 b5 18. Rfd1 Bb7 19. Nd4 Rfd8 20. Nf5 Qe5 21. Ne3 Rd7 22. f4 Qd6 23. Rac1 Rad8 24. Nf5 Qb6+ 25. Kh1 Ng4 26. Rc2 Qf6 27. Nd4 Bxd5 28. Qe2 h5 29. Rcd2 Bb7 30. Ne4 Bxe4 31. Qxe4 h4 32. f5 Rxd4 33. Rxd4 Nf2+ 34. Kg1 Nxe4 35. Rxd8+ Kh7 36. fxg6+ fxg6 37. Re8 Qf2+ 38. Kh1 Nxg3+ 39. Kh2 Nf1+ 40. Kh1 Ne3 41. Rdd8 Qxg2# 0-1

[Event "Late-Titled-Tuesday-Blitz-January-23-2024"]
[Site "Chess.com"]
[Date "2024.01.23"]
[Round "6"]
[White "Kamilek84"]
[Black "Fandorine"]
[Result "0-1"]
[WhiteElo "2704"]
[BlackElo "2979"]
[TimeControl "180+1"]
[EndTime "15:04:29 PST"]
[Termination "Fandorine won on time"]

1. e4 e5 2. Nf3 Nc6 3. Bc4 Nf6 4. d3 Bc5 5. Nc3 d6 6. Na4 Bb6 7. Nxb6 axb6 8. a3 h6 9. h3 O-O 10. O-O Ne7 11. Re1 Ng6 12. d4 Qe7 13. Bd3 Bd7 14.
c4 c5 15. dxe5 dxe5 16. Nh2 Nh7 17. Nf1 Nf4 18. Bxf4 exf4 19. e5 Ng5 20. Nh2 Rad8 21. Qe2 Bc6 22. h4 Ne6 23. Nf3 Nd4 24. Nxd4 Rxd4 25. f3 Qxh4 26. e6 Re8 27. Bf5 Qf6 28. Bh3 fxe6 29. Rad1 e5 30. b4 Ba4 31. Rxd4 exd4 32.
Qxe8+ Bxe8 33. Rxe8+ Kf7 34. Rb8 Qe7 0-1

[Event "Late-Titled-Tuesday-Blitz-January-23-2024"]
[Site "Chess.com"]
[Date "2024.01.23"]
[Round "6"]
[White "ErikRonka"]
[Black "smotherhubbard"]
[Result "0-1"]
[WhiteElo "2472"]
[BlackElo "2351"]
[TimeControl "180+1"]
[EndTime "15:04:33 PST"]
[Termination "smotherhubbard won on time"]

1. e4 e6 2. d4 d5 3. exd5 exd5 4.
Nf3 Bd6 5. c4 Nf6 6. Nc3 O-O 7.
cxd5 Bg4 8. Be2 Nbd7 9. O-O Nb6 10. Bg5 h6 11. Bh4 Be7 12. Bxf6 Bxf6 13. Qb3 Re8 14. Rfe1 Qd7 15. Rad1 Rad8 16. Bb5 c6 17. dxc6 bxc6 18. Be2 Rb8 19. Qc2 Nd5 20. Nxd5 Qxd5 21. Bc4 Qh5 22. Be2 c5 23. h3 Bf5 24. Bd3 Bxh3 25. dxc5 Rxe1+ 26.
Nxe1 Rxb2 27. Qa4 Bf5 28. Bxf5 Qxf5 29. Nd3 Rb7 30. Qe8+ Kh7 31. c6 Rc7 32. Qe3 Qd5 0-1